 Dungeon Crawl Stone Soup version 0.31-a0-232-gb1c03b2570 (webtiles) character file.

Game seed: 8014615322951607091

58 qw the Shooter (level 3, -9/29 HPs)
             Began as a Minotaur Hexslinger on July 7, 2023.
             Mangled by Sigmund
             ... wielding a +0 scythe
              (11 damage)
             ... on level 3 of the Dungeon.
             The game lasted 00:00:29 (1598 turns).

qw the Shooter (Minotaur Hexslinger)                Turns: 1598, Time: 00:00:29

Health: -9/29      AC:  5    Str: 12    XL:     3   Next: 75%
Magic:  3/3        EV: 16    Int: 10    God:
Gold:   83         SH:  0    Dex: 14    Spells: 3/4 levels left

rFire   . . .        Y - +2 sling
rCold   . . .        (no shield)
rNeg    . . .        f - +0 ring mail
rPois   .            (helmet restricted)
rElec   .            (no cloak)
rCorr   .            (no gloves)
SInv    .            (no boots)
Will    ++...        (no amulet)
Stlth   +            e - +5 ring of evasion
HPRegen 0.24/turn    d - ring of willpower
MPRegen 0.08/turn

%: no passive effects
@: no status effects
A: horns 2, retaliatory headbutt, high MP 1, strong-willed 1
a: no special abilities


You were on level 3 of the Dungeon.
You visited 1 branch of the dungeon, and saw 3 of its levels.

You collected 83 gold pieces.


Innate Abilities, Weirdness & Mutations

You have a pair of horns on your head.
You reflexively headbutt those who attack you in melee.
You have an increased reservoir of magic. (+10% MP)
You are strong-willed. (Will+)


   Skills:
 - Level 2.0 Fighting
 + Level 4.0 Ranged Weapons
 - Level 1.3 Armour
 - Level 2.1 Dodging
 - Level 1.0 Spellcasting
 - Level 2.0 Hexes


You had 3 spell levels left.
You knew the following spells:

 Your Spells              Type           Power      Damage    Failure   Level
a - Slow                  Hex            16%        N/A       32%         1

Your spell library contained the following spells:

 Spells                   Type           Power      Damage    Failure   Level
 Inner Flame              Hex/Fire       2%         N/A       83%         3
 Portal Projectile        Hex/Tloc       4%         N/A       83%         3
 Cause Fear               Hex            2%         N/A       97%         4

Inventory:

Hand Weapons
 Y - a +2 sling (weapon)
Armour
 f - a +0 ring mail (worn)
Jewellery
 d - a ring of willpower (right hand)
 e - a +5 ring of evasion (left hand)
Scrolls
 a - a scroll of teleportation
Potions
 b - a potion of mutation
 g - a potion of degeneration {unknown}
 h - a potion of attraction {unknown}

Dungeon Overview and Level Annotations

Branches:
Dungeon (3/15)

Altars:
Dithmenos

Annotations:
D:3 Sigmund


Message History

Found 14 gold pieces and a leather armour.
Found a shadowy altar of Dithmenos.
There is a stone staircase leading up here.
Waypoint 2 assigned to D:3.
Sigmund the Dreaded comes into view.
He is wielding a +0 scythe.
Sigmund shouts!
Sigmund drinks a potion.
Sigmund seems to speed up.
An endoplasm comes into view.
You shoot a sling bullet. The endoplasm quivers.
The sling bullet hits Sigmund.
Sigmund is moderately wounded.
You shoot a sling bullet. The sling bullet hits Sigmund!
Sigmund is heavily wounded.
You shoot a sling bullet. The sling bullet hits Sigmund.
Sigmund is heavily wounded.
Sigmund casts a spell.
Sigmund flickers and vanishes!
Deactivating autopickup; reactivate with Ctrl-A.
You shoot a sling bullet. The sling bullet hits the endoplasm.
The endoplasm is severely wounded.
Something hits you but does no damage.
The endoplasm jiggles.
Something closely misses you.
You shoot a sling bullet. The sling bullet hits the endoplasm!
You kill the endoplasm!
Something hits you.
You shoot a sling bullet. Something hits you.
You shoot a sling bullet. Something barely misses you. Something hits you!
You shoot a sling bullet. Something hits you.
You shoot a sling bullet. Something hits you but does no damage.
Something hits you!
You shoot a sling bullet. Something barely misses you.
You shoot a sling bullet. Something hits you!
You die...

#. #.##
.... ..#
#.## #..##
#...###...
#.<....._.
#@..##....
.....{....#
#
...$.....##
.........#
..........
##.........
##.....[#.
.......###


There were no monsters in sight!

Vanquished Creatures
  2 adders (D:2)
  2 dart slugs (D:1)
  6 endoplasms
  2 goblins (D:1)
  4 hobgoblins
  2 kobolds
  2 quokkas (D:1)
  4 ball pythons
  4 bats
  A frilled lizard (D:2)
  4 rats
33 creatures vanquished.

Notes
Turn   | Place    | Note
-------+----------+-------------------------------------------
     0 | D:1      | qw the Minotaur Hexslinger began the quest for the Orb.
     0 | D:1      | Reached XP level 1. HP: 16/16 MP: 1/1
     0 | D:1      | 0 ||| qw: Version: 0.3-a-46-gb1f654a
     0 | D:1      | 0 ||| qw: Game counter: 2697
     0 | D:1      | 0 ||| qw: Melee chars always use a shield: true
     0 | D:1      | 0 ||| qw: God list: Okawaru
     0 | D:1      | 0 ||| qw: Allow faded altars: false
     0 | D:1      | 0 ||| qw: Do Orc after clearing Dungeon:15 true
     0 | D:1      | 0 ||| qw: Do second Lair branch before Depths: true
     0 | D:1      | 0 ||| qw: Lair rune preference: random
     0 | D:1      | 0 ||| qw: Goals: Normal
     0 | D:1      | 0 ||| PLANNING D:1-11
   141 | D:1      | Reached skill level 3 in Ranged Weapons
   141 | D:1      | Reached XP level 2. HP: 23/23 MP: 2/2
   766 | D:1      | 766 ||| UPGRADING to +0 ring mail.
   776 | D:1      | 776 ||| DROPPING +0 robe.
   777 | D:1      | 777 ||| DROPPING scarf of shadows.
   778 | D:1      | 778 ||| UPGRADING to +5 ring of evasion.
   779 | D:1      | 779 ||| READING scroll labelled UNLIEFYNUY.
   780 | D:1      | 780 ||| READING scroll labelled OXKODI LISA.
   781 | D:1      | 781 ||| READING scroll labelled VUKHLY ECKOYS.
   782 | D:1      | 782 ||| DROPPING scroll of poison.
   825 | D:2      | Reached XP level 3. HP: 29/29 MP: 3/3
  1306 | D:2      | Reached skill level 4 in Ranged Weapons
  1409 | D:2      | Reached skill level 1 in Armour
  1575 | D:2      | 1575 ||| UPGRADING to ring of willpower.
  1576 | D:2      | 1576 ||| READING 2 scrolls labelled TODATO JEKA.
  1579 | D:2      | 1579 ||| READING scroll labelled HIASHO TUGUCUU.
  1580 | D:2      | 1580 ||| DRINKING 2 white potions.
  1580 | D:2      | Gained mutation: You have an increased reservoir of magic.
                  | (+10% MP) [potion of mutation]
  1580 | D:2      | Gained mutation: You are strong-willed. (Will+) [potion of
                  | mutation]
  1586 | D:3      | Found a shadowy altar of Dithmenos.
  1587 | D:3      | Noticed Sigmund
  1596 | D:3      | HP: 1/29 [something (9)]
  1598 | D:3      | Mangled by Sigmund

Levels and vault maps discovered:
D:1:      roderic_crossed_star, layout_basic, chequers_serial_rivers_small_a,
          chequers_serial_rivers_micro_c, minmay_fountain_box
D:2:      layout_basic
D:3:      layout_rooms, mainiacjoe_overflow_large_starburst,
          grunt_decor_fettered, minmay_snake_closets, uniq_sigmund

Skill      XL: |  1  2  3 |
---------------+----------+-----
Ranged Weapons | 3 4 |  4.0
Fighting       | 2 |  2.0
Armour         | 1 |  1.3
Dodging        | |  2.1
Spellcasting   | |  1.0
Hexes          | |  2.0

Action                     || total
---------------------------++-------
   Fire: Sling             ||    93
    Use: Scroll            ||     5
         Potion            ||     1
 Armour: Robe              ||     4
         Ring mail         ||     6
  Dodge: Dodged            ||    19

Table legend:
 A = Non-vault XP
 B = Vault XP
 C = Vault XP percentage of total XP
 D = Non-vault monster count
 E = Vault monster count
 F = Vault count percentage of total count
                 A         B        C        D         E       F
            +---------+---------+-------+---------+---------+-------
      Total |      83 |       0 |   0.0 |      33 |       0 |   0.0
            +---------+---------+-------+---------+---------+-------
        D:1 |      40 |       0 |   0.0 |      20 |       0 |   0.0
        D:2 |      41 |       0 |   0.0 |      12 |       0 |   0.0
        D:3 |       2 |       0 |   0.0 |       1 |       0 |   0.0
            +---------+---------+-------+---------+---------+-------
